 Dungeon Crawl Stone Soup version 0.23.0-3-gf3c87f2df8 (webtiles) character file.

Game seed: 9855865551638344282

4746 Chiseanne the Destroyer (level 10, -8/66 HPs)
             Began as an Octopode Warper on Feb 21, 2019.
             Was an Initiate of Gozag.
             Mangled by a two-headed ogre
             ... wielding a +1 dire flail of protection
              (20 damage)
             ... on level 9 of the Dungeon.
             The game lasted 00:31:56 (11391 turns).

Chiseanne the Destroyer (Octopode Warper)          Turns: 11391, Time: 00:31:56

Health: -8/66      AC:  1    Str: 13      XL:     10   Next: 46%
Magic:  10/17      EV: 13    Int: 15      God:    Gozag
Gold:   705        SH:  3    Dex:  4 (13) Spells: 6/19 levels left

rFire    . . .     SeeInvis .   a - +7 dagger
rCold    . . .     Gourm    .   q - +0 buckler
rNeg     . . .     Faith    .   (helmet restricted)
rPois    .         Spirit   .   (no amulet)
rElec    .         Reflect  .   D - ring of protection from magic
rCorr    .         Harm     .   x - ring of stealth
MR       +....                  (no ring)
Stlth    +++++.....             (no ring)
HPRegen  0.21/turn              (no ring)
MPRegen  0.15/turn              (no ring)
                                (no ring)
                                (no ring)

@: no status effects
A: almost no armour, stealthy swim, amphibious, 8 rings, constrict 8, camouflage
1, gelatinous body 1
a: Potion Petition, Call Merchant, Bribe Branch, Renounce Religion


You were on level 9 of the Dungeon.
You worshipped Gozag.
Gozag was pleased with you.
You were not hungry.

You visited 2 branches of the dungeon, and saw 10 of its levels.
You also visited: Sewer and Ossuary.

You collected 837 gold pieces.
You paid 132 gold pieces to Gozag.

Inventory:

Hand Weapons
 a - a +7 dagger (weapon)
 d - a +2 dagger of draining
 s - a +2 dagger of venom
 w - a +0 blowgun
Missiles
 e - 181 arrows
 g - 379 stones
 r - 54 bolts
 y - 3 javelins
 B - 5 curare-tipped needles
 F - 3 tomahawks
 K - 12 sling bullets
 L - 5 tomahawks of dispersal (quivered)
 M - 28 poisoned needles
Armour
 p - a +0 large shield
 q - a +0 buckler (worn)
 E - a +0 large shield
Magical Staves
 v - an uncursed staff of conjuration
Jewellery
 x - a ring of stealth (right tentacle)
 D - a ring of protection from magic (left tentacle)
Wands
 h - a wand of scattershot (5)
Scrolls
 b - 3 scrolls of remove curse
 c - a scroll of blinking
 k - a scroll of identify
 m - 3 scrolls of immolation
 u - a scroll of magic mapping {unknown}
 z - 3 scrolls of amnesia
Potions
 i - 2 potions of brilliance
 j - 3 potions of lignification
 l - 4 potions of might
 n - 2 potions of magic {unknown}
 o - 10 potions of curing
 t - 5 potions of agility
 A - a potion of ambrosia
 C - 4 potions of heal wounds
 G - a potion of mutation {unknown}
 H - a potion of haste {unknown}
 I - a potion of berserk rage {unknown}
 J - a potion of invisibility {unknown}
Comestibles
 f - 7 rations


   Skills:
 - Level 5.2 Fighting
 - Level 2.0 Short Blades
 - Level 1.0 Throwing
 - Level 5.4 Dodging
 - Level 7.0 Stealth
 - Level 3.9 Shields
 + Level 5.0 Spellcasting
 - Level 10.3 Conjurations
 - Level 3.0 Translocations


You had 6 spell levels left.
You knew the following spells:

 Your Spells              Type           Power        Failure   Level  Hunger
a - Blink                 Tloc           N/A          7%          2    ##.....
b - Shroud of Golubria    Chrm/Tloc      #.........   13%         2    ##.....
c - Conjure Flame         Conj/Fire      ###.....     6%          3    ###....
d - Mephitic Cloud        Conj/Pois/Air  ##......     12%         3    ###....
e - Teleport Other        Tloc           ##......     14%         3    ###....

Your spell library contained the following spells:

 Spells                   Type           Power        Failure   Level  Hunger
 Magic Dart               Conj           ####         1%          1    None
 Gell's Gravitas          Tloc           ##........   14%         3    ###....
 Lesser Beckoning         Tloc           ##........   14%         3    ###....
 Call Imp                 Summ           #.......     24%         2    ##.....
 Slow                     Hex            #.......     24%         2    ##.....
 Passage of Golubria      Tloc           N/A          43%         4    ####...


Dungeon Overview and Level Annotations

Branches:
Dungeon (9/15)             Temple (1/1) D:7            Lair (0/6) D:9
    Orc: D:9-12

Altars:
Dithmenos
Elyvilon
Fedhas
Gozag
Kikubaaqudgha
Makhleb
Okawaru
Qazlal
Sif Muna
Trog
Uskayaw
Vehumet
Wu Jian
Yredelemnul
Zin
The Shining One

Shops:
D:4 %

Annotations:
D:5 exclusion: statue


Innate Abilities, Weirdness & Mutations

You cannot wear most types of armour.
You are very stealthy in the water. (Stealth+)
You are amphibious.
You can wear up to eight rings at the same time.
You can use your tentacles to constrict eight enemies at once.
Your skin changes colour to match your surroundings (Stealth+).
Your rubbery body absorbs attacks. (AC +1, EV +1)


Message History

The two-headed ogre is lightly wounded.
The two-headed ogre barely misses you. You block the two-headed ogre's attack.
You hit the two-headed ogre.
The two-headed ogre is moderately wounded.
The two-headed ogre completely misses you.
The two-headed ogre closely misses you.
You hit the two-headed ogre.
The two-headed ogre is moderately wounded.
The two-headed ogre seems less confused.
The two-headed ogre closely misses you.
The two-headed ogre hits you with a +0 giant club!!
Casting: Mephitic Cloud (safe; 12% risk of failure)
Confirm with . or Enter, or press ? or * to list all spells.
You blink.
Found 11 gold pieces.
The two-headed ogre hits you with a +1 dire flail of protection!
* * * LOW HITPOINT WARNING * * *
The two-headed ogre hits you with a +0 giant club!!
You die...
Your body crumbles into a pile of gold.

......#.......
...#..#..###......$....
#..##.##...#..........
##..#).....#..........
#.##................
##..#t.............. .
..................# #?..
.....####....>....#.....
.......##......O@.......
.....P..#.........%.....
.............!..........
..>........(!...........
..$$....................
........#[.........(....
.......##...........#..#
.....####..........##.##
.....................


You could see a two-headed ogre.

Vanquished Creatures
  Prince Ribbit (D:9)
  A blink frog (D:5)
  A hippogriff (D:9)
  Eustachio (D:5)
  A yak (D:9)
  2 hungry ghosts
  A basilisk (D:9)
  A black bear (D:6)
  2 orc warriors
  2 phantoms
  2 ice beasts
  6 ogres
  A necrophage (D:7)
  A centaur (D:8)
  A wolf (D:6)
  2 crocodiles
  3 big kobolds
  4 bullfrogs
  A wyvern skeleton (D:8)
  2 scorpions (D:6)
  A killer bee (D:5)
  3 howler monkeys
  4 crimson imps
  2 hounds
  A quasit (D:8)
  2 human zombies (Ossuary)
  A jelly (D:5)
  6 orc priests
  A centaur skeleton (D:8)
  2 iguanas
  Ijyb (D:3)
  Natasha (twice) (D:3)
  5 orc wizards
  3 worker ants
  A hound skeleton (D:7)
  4 mummies (Ossuary)
  A worker ant zombie (D:9)
  6 adders
  3 river rats (Sewer)
  A shadow imp (D:5)
  6 worms
  2 dart slugs
  4 leopard geckos
  13 orcs
  6 ball pythons (Sewer)
  8 bats
  6 giant cockroaches
  A gnoll zombie (Ossuary)
  10 goblins
  11 hobgoblins
  16 jackals
  A quokka (D:6)
  7 frilled lizards
  A giant cockroach zombie (D:5)
  2 goblin zombies (Ossuary)
  A jackal zombie (D:6)
  31 kobolds
  A kobold zombie (Ossuary)
  A leopard gecko skeleton (D:8)
  A leopard gecko zombie (D:6)
  2 orc zombies (Ossuary)
  25 rats
242 creatures vanquished.

Vanquished Creatures (others)
  A kobold (D:8)
1 creature vanquished.

Grand Total: 243 creatures vanquished

Notes
Turn   | Place    | Note
-------+----------+-------------------------------------------
     0 | D:1      | Chiseanne the Octopode Warper began the quest for the Orb.
     0 | D:1      | Reached XP level 1. HP: 14/14 MP: 3/3
    70 | D:1      | Reached XP level 2. HP: 7/19 MP: 5/5
   143 | D:1      | Reached skill level 1 in Stealth
   728 | D:1      | Reached XP level 3. HP: 25/25 MP: 6/6
  1327 | D:2      | Found a hide-covered altar of Uskayaw.
  1487 | D:2      | Reached XP level 4. HP: 25/30 MP: 7/7
  1587 | D:2      | Learned a level 2 spell: Blink
  1590 | D:2      | Learned a level 2 spell: Shroud of Golubria
  1594 | D:2      | Learned a level 3 spell: Conjure Flame
  2229 | D:3      | Reached XP level 5. HP: 19/36 MP: 9/9
  2466 | D:3      | Noticed Ijyb
  2489 | D:3      | Killed Ijyb
  2598 | D:3      | Noticed Natasha
  2606 | D:3      | Killed Natasha
  2981 | D:3      | Noticed Natasha
  3076 | D:3      | Killed Natasha
  3555 | D:4      | Reached XP level 6. HP: 39/42 MP: 10/10
  3703 | D:4      | Reached skill level 1 in Shields
  4138 | D:4      | Found Kawnilel's Food Boutique.
  4198 | D:5      | Entered Level 5 of the Dungeon
  4225 | D:5      | Noticed Eustachio
  4233 | D:5      | Killed Eustachio
  4233 | D:5      | Reached XP level 7. HP: 42/47 MP: 10/12
  4408 | D:5      | Reached skill level 5 in Stealth
  4431 | D:5      | Found a burning altar of Makhleb.
  4826 | D:5      | Found a radiant altar of Vehumet.
  4960 | D:5      | Found a glowing drain.
  4977 | Sewer    | Entered a sewer
  5711 | Sewer    | Reached XP level 8. HP: 44/54 MP: 14/14
  6560 | D:6      | Found a glowing silver altar of Zin.
  6561 | D:6      | Found a glowing golden altar of the Shining One.
  6711 | D:6      | Reached skill level 5 in Dodging
  7348 | D:6      | Noticed a blink frog
  7348 | D:6      | an acid dragon changed into a blink frog
  7361 | D:5      | Killed a blink frog
  7361 | D:5      | Reached skill level 5 in Fighting
  7720 | D:6      | Learned a level 3 spell: Mephitic Cloud
  7753 | D:7      | Reached skill level 1 in Conjurations
  7834 | D:7      | Reached skill level 2 in Conjurations
  7834 | D:7      | Reached XP level 9. HP: 61/61 MP: 16/16
  7901 | D:7      | Reached skill level 3 in Conjurations
  7993 | D:6      | Reached skill level 4 in Conjurations
  8097 | D:7      | Reached skill level 5 in Conjurations
  8164 | D:7      | Found a sand-covered staircase.
  8169 | Ossuary  | Entered an ossuary
  8948 | D:7      | Found a staircase to the Ecumenical Temple.
  8957 | Temple   | Entered the Ecumenical Temple
  9017 | Temple   | Became a worshipper of Gozag Ym Sagoz the Greedy
  9075 | D:7      | Reached skill level 6 in Conjurations
  9124 | D:7      | Found an opulent altar of Gozag.
  9300 | D:8      | Reached skill level 7 in Conjurations
  9817 | D:8      | Reached skill level 8 in Conjurations
  9984 | D:8      | Reached XP level 10. HP: 66/66 MP: 17/17
 10304 | D:8      | Reached skill level 9 in Conjurations
 10528 | D:9      | Noticed Prince Ribbit
 10549 | D:9      | Killed Prince Ribbit
 10578 | D:9      | Found a staircase to the Lair.
 10578 | D:9      | Noticed an elephant
 10662 | D:8      | Learned a level 3 spell: Teleport Other
 10704 | D:9      | Reached skill level 10 in Conjurations
 11148 | D:8      | Reached skill level 5 in Spellcasting
 11376 | D:9      | Noticed a two-headed ogre
 11391 | D:9      | Mangled by a two-headed ogre

Skill      XL: |  1  2  3  4  5  6  7  8  9 10 |
---------------+-------------------------------+-----
Stealth        | 1 2 3 4 5 7 |  7.0
Dodging        | 3 4 5 |  5.4
Fighting       | 3 4 5 |  5.2
Spellcasting   | 3 4 5 |  5.0
Shields        | 1 2 3 |  3.9
Conjurations   | 2 8 10 | 10.3
Short Blades   | |  2.0
Throwing       | |  1.0
Translocations | |  3.0

Action                   |  1- 3 |  4- 6 |  7- 9 | 10-12 || total
-------------------------+-------+-------+-------+-------++-------
Melee: Short sword       |    95 |    23 |       |       ||   118
       Constrict         |    27 |    31 |    73 |    13 ||   144
       Tentacles         |     9 |    18 |    62 |    26 ||   115
       Dagger            |       |    93 |   294 |   116 ||   503
 Cast: Shroud of Golubri |       |     1 |     5 |     7 ||    13
       Mephitic Cloud    |       |       |       |     6 ||     6
       Blink             |       |       |       |     2 ||     2
Evoke: Wand              |       |     5 |    26 |       ||    31
  Use: Scroll            |     3 |     8 |     6 |       ||    17
       Potion            |       |     2 |     2 |       ||     4
 Stab: Sleeping          |     6 |     9 |    27 |     5 ||    47
       Paralysed         |       |       |     3 |       ||     3
       Distracted        |       |       |     2 |       ||     2
       Confused          |       |       |       |     2 ||     2
  Eat: Chunk             |     2 |     8 |    13 |       ||    23
       Ration            |       |       |     4 |       ||     4
Armor: Skin              |     9 |     7 |    19 |     2 ||    37
Dodge: Dodged            |    77 |    66 |   176 |    95 ||   414
Block: Buckler           |       |     3 |    56 |    32 ||    91
